 Dungeon Crawl Stone Soup version 0.29-a0-791-ga0f254aafb (webtiles) character file.

Game seed: 904774299169851557

483 Malachi the Trooper (level 7, -4/81 HPs)
             Began as an Octopode Brigand on July 3, 2022.
             Was a Believer of Trog.
             Killed from afar by an orc wizard (7 damage)
             ... with a magic dart
             ... on level 4 of the Dungeon.
             The game lasted 00:02:54 (3273 turns).

Malachi the Trooper (Octopode Brigand)              Turns: 3273, Time: 00:02:54

Health: -4/81      AC:  1    Str: 10    XL:     7   Next: 12%
Magic:  7/7        EV: 12    Int: 14    God:    Trog [**....]
Gold:   178        SH:  0    Dex: 15    Spells: 6/6 levels left

rFire   . . .      SeeInvis .   a - +2 dagger
rCold   . . .      Faith    .   (no shield)
rNeg    . . .      Spirit   .   (helmet restricted)
rPois   .          Reflect  .   (no amulet)
rElec   .          Harm     .   (no ring)
rCorr   .          Rampage  .   (no ring)
Will    .....                   (no ring)
Stlth   ..........              (no ring)
HPRegen 0.23/turn               (no ring)
MPRegen 0.10/turn               (no ring)
                                (no ring)
                                (no ring)

@: berserking, very quick
A: almost no armour, amphibious, 8 rings, camouflage 1, gelatinous body 1,
nimble swimmer 1, tentacles
a: Renounce Religion, Berserk, Trog's Hand


You were on level 4 of the Dungeon.
You worshipped Trog.
Trog was pleased with you.
You visited 1 branch of the dungeon, and saw 4 of its levels.

You collected 178 gold pieces.

Inventory:

Hand Weapons
 a - a +2 dagger (weapon)
Missiles
 b - 9 poisoned darts (quivered)
 c - 3 curare-tipped darts
 t - 4 atropa-tipped darts
Jewellery
 j - a +6 ring of intelligence
Scrolls
 d - a scroll of vulnerability {unknown}
 f - 2 scrolls of teleportation {unknown}
 g - 2 scrolls of summoning {unknown}
 h - a scroll of poison {unknown}
 l - a scroll of fear {unknown}
 m - 2 scrolls of identify {unknown}
 p - a scroll of enchant armour {unknown}
 q - a scroll of torment {unknown}
 s - 2 scrolls of immolation {unknown}
Potions
 e - 2 potions of lignification {unknown}
 i - 2 potions of curing {unknown}
 k - a potion of magic {unknown}
 n - 4 potions of heal wounds {unknown}
 o - a potion of haste
 r - 3 potions of brilliance {unknown}


   Skills:
 * Level 7.5 Fighting
 - Level 2.0 Short Blades
 - Level 2.0 Throwing
 - Level 1.0 Dodging
 - Level 5.3 Stealth


You had 6 spell levels left.
You didn't know any spells.
Your spell library contained the following spells:

 Spells                   Type           Power      Damage    Failure   Level
 Summon Small Mammal      Summ           0%         N/A       28%         1
 Call Canine Familiar     Summ           0%         N/A       65%         3
 Summon Guardian Golem    Hex/Summ       0%         N/A       65%         3
 Fireball                 Conj/Fire      0%         3d3       100%        5
 Starburst                Conj/Fire      0%         6d3       100%        6
 Ignition                 Fire           0%         3d3       100%        8


Dungeon Overview and Level Annotations

Branches:
Dungeon (4/15)
 Temple: D:4-7

Altars:
Dithmenos
Nemelex Xobeh
Okawaru
Trog
Xom

Portals:
Sewer: D:4

Annotations:
D:3 1 runed translucent door


Innate Abilities, Weirdness & Mutations

You cannot wear most types of armour.
You are amphibious.
You can wear up to eight rings at the same time.
Your skin changes colour to match your surroundings (Stealth+).
Your rubbery body absorbs attacks. (AC +1, EV +1)
You are camouflaged when in or above water. (Stealth+)
You have tentacles for arms and can constrict up to eight enemies at once.


Message History

Grinder is lightly wounded.
You constrict Grinder. Grinder hits you!
You writhe in agony.
You hit Grinder but do no damage. You squeeze Grinder, but do no damage.
Grinder is lightly wounded.
You constrict Grinder. Grinder hits you!
You writhe in agony.
You are too injured to fight recklessly!
You are too injured to fight recklessly!
Unknown command.
Okay, then.
A red film seems to cover your vision as you go berserk!
You feel yourself moving faster!
You feel mighty!
You constrict Grinder.
The orc shouts!
Grinder hits you!
* * * LOW HITPOINT WARNING * * *
You writhe in agony.
* * * LOW HITPOINT WARNING * * *
Grinder hits you.
* * * LOW HITPOINT WARNING * * *
You writhe in agony.
* * * LOW HITPOINT WARNING * * *
You barely miss Grinder. You squeeze Grinder!
Grinder is severely wounded.
You constrict Grinder.
An orc wizard comes into view. It is wielding a +0 dagger.
Grinder struggles to blink free from constriction.
The orc wizard shouts!
You puncture Grinder!
Grinder is almost dead.
You constrict Grinder. Grinder hits you!
* * * LOW HITPOINT WARNING * * *
You writhe in agony.
* * * LOW HITPOINT WARNING * * *
You puncture Grinder!
You kill Grinder!
Trog accepts your kill.
Your Fighting skill increases to level 7!
You have reached level 7!
The orc wizard points at you and mumbles some strange words.
The magic dart hits you!
You die...

.........######....
..............$.........
.............#?..#......
.............≈≈≈≈≈......
...........#≈≈≈≈≈≈≈#...
>...........≈≈≈≈≈≈≈..##
......#.....≈≈≈∩≈≈≈...#
...........†≈≈≈≈≈≈≈...##.
.....#.....#†≈≈≈@≈≈#....#
....###.#....≈≈≈≈≈!......
..#..##.###..#≈.o#.......
.###.##.. #........#....#
.# #####.###...o##.# ...#
.# .# #....# ... ... . .#
#....# (.## .# #.o..# ..#
# #....# #.#


You could see 2 orc wizards and an orc.

Vanquished Creatures
  Grinder (D:4)
  The ghost of paps the Caller, an amateur OpSu of Gozag (D:3)
  2 hounds
  3 adders
  5 worms
  A dart slug (D:1)
  5 orcs (D:3)
  5 endoplasms
  3 giant cockroaches
  10 goblins
  5 hobgoblins
  2 jackals (D:1)
  5 quokkas
  6 ball pythons
  6 bats
  5 frilled lizards
  8 kobolds
  7 rats
80 creatures vanquished.

Notes
Turn   | Place    | Note
-------+----------+-------------------------------------------
     0 | D:1      | Malachi the Octopode Brigand began the quest for the Orb.
     0 | D:1      | Reached XP level 1. HP: 14/14 MP: 1/1
   362 | D:1      | Reached XP level 2. HP: 20/20 MP: 2/2
   609 | D:1      | Reached skill level 3 in Fighting
  1048 | D:1      | Reached XP level 3. HP: 26/26 MP: 3/3
  1502 | D:2      | Found a faded altar of an unknown god.
  1515 | D:2      | Prayed at the altar of an unknown god.
  1515 | D:2      | Became a worshipper of Trog the Wrathful
  1515 | D:2      | Reached * piety under Trog
  1580 | D:2      | Reached skill level 4 in Fighting
  1727 | D:2      | Found a sparkling altar of Nemelex Xobeh.
  1737 | D:2      | Reached XP level 4. HP: 20/33 MP: 4/4
  2316 | D:3      | Found a shimmering altar of Xom.
  2411 | D:3      | Reached skill level 5 in Fighting
  2423 | D:3      | Reached XP level 5. HP: 34/39 MP: 5/5
  2647 | D:3      | Found a runed translucent door.
  2678 | D:3      | Found a runed translucent door.
  2688 | D:3      | Noticed paps's ghost (amateur OpSu)
  2702 | D:3      | Killed paps's ghost
  2703 | D:3      | Reached skill level 6 in Fighting
  2703 | D:3      | Reached XP level 6. HP: 46/46 MP: 6/6
  2703 | D:3      | Reached ** piety under Trog
  2824 | D:3      | Found an iron altar of Okawaru.
  3004 | D:3      | Found a shadowy altar of Dithmenos.
  3252 | D:4      | Found a glowing drain.
  3262 | D:4      | Noticed Grinder
  3271 | D:4      | HP: 2/70 [Grinder (3)]
  3272 | D:4      | Killed Grinder
  3273 | D:4      | Reached skill level 7 in Fighting
  3273 | D:4      | Reached XP level 7. HP: 3/54 MP: 7/7
  3273 | D:4      | Killed from afar by an orc wizard

Illustrated notes

Levels and vault maps discovered:
D:1:      saegor_arrival_simple_b, layout_loops_corners
D:2:      layout_basic, shapermc_ecumenical_altar_flowoftime, basic_altar
D:3:      layout_loops_cross, kennysheep_okawaru_gauntlet,
          mainiacjoe_overflow_surrounded_room, amcnicky_altar_gilded,
          ebering_ghost_sewer_f, chequers_hall_statues_corner_a,
          minmay_quadrilaterals
D:4:      layout_rooms, nemelex_spade_bored_becter, ashenzari_altar_1,
          lemuel_doored_altar, cheibrodos_sewer_entry_drain, serial_shops,
          nicolae_shop_statue_plus, serial_corexii_hall, corexii_hall_statues_l,
          corexii_hall_statues_i, corexii_hall_statues_s, uniq_grinder

Skill      XL: |  1  2  3  4  5  6 |
---------------+-------------------+-----
Fighting       | 3 4 5 6 7 |  7.5
Short Blades   | |  2.0
Throwing       | |  2.0
Dodging        | |  1.0
Stealth        | |  5.3

Action                   |  1- 3 |  4- 6 |  7- 9 || total
-------------------------+-------+-------+-------++-------
Melee: Dagger            |    72 |    78 |       ||   150
       Constrict         |    13 |    15 |       ||    28
       Tentacles         |    10 |    12 |       ||    22
       Punch             |     2 |     1 |       ||     3
Invok: Berserk           |       |     2 |       ||     2
 Stab: Sleeping          |    18 |    13 |       ||    31
Armor: Skin              |     7 |     3 |       ||    10
Dodge: Dodged            |    32 |    27 |       ||    59

Table legend: (Time is in decaauts)
 A = Elapsed time spent in this place.
 B = Non-inter-level travel time spent in this place.
 C = Inter-level travel time spent in this place.
 D = Time resting spent in this place.
 E = Time spent auto-exploring this place.
 F = Levels seen in this place.
 G = Mean time per level.
                   A        B        C        D        E       F      G
               +--------+--------+--------+--------+--------+-----+--------+
         Total |   3267 |   3184 |     83 |      0 |   2679 |   4 |  816.8 |
       Dungeon |   3267 |   3184 |     83 |      0 |   2679 |   4 |  816.8 |
               +--------+--------+--------+--------+--------+-----+--------+

Top non-repeatable levels by time:
     D:1: 1171 daAuts
     D:3: 1103 daAuts
     D:2: 914 daAuts
     D:4: 77 daAuts
